 Dungeon Crawl Stone Soup version 0.28.0-53-g5a82cb258f (webtiles) character file.

Game seed: 2442275441534332900

12128 Sin92 the Fighter (level 11, -1/87 HPs)
             Began as a Demonspawn Fighter on July 27, 2022.
             Was a High Priest of Okawaru.
             Slain by a cane toad (10 damage)
             ... on level 1 of the Lair of Beasts.
             The game lasted 00:18:37 (11679 turns).

Sin92 the Fighter (Demonspawn Fighter)             Turns: 11679, Time: 00:18:37

Health: -1/87      AC: 14    Str: 20    XL:     11   Next: 58%
Magic:  13/13      EV: 10    Int:  9    God:    Okawaru [*****.]
Gold:   420        SH: 10    Dex: 14    Spells: 10/10 levels left

rFire   + . .      SeeInvis .   z - +10 mace "Demonspawn's Doom" {pain, rF+}
rCold   . . .      Faith    +   B - +0 kite shield
rNeg    . . .      Spirit   .   m - +1 scale mail {Will+}
rPois   +          Reflect  .   (no helmet)
rElec   .          Harm     .   j - +2 cloak
rCorr   .          Rampage  .   (no gloves)
Will    +....                   (no boots)
Stlth   ..........              u - amulet of faith
HPRegen 1.24/turn               i - ring of flight
MPRegen 0.13/turn               x - ring of poison resistance

@: flying
A: slimy green scales 1, powered by death 2, weakness stinger 1
a: Renounce Religion, Heroism, Finesse, Duel


You were on level 1 of the Lair of Beasts.
You worshipped Okawaru.
Okawaru was extremely pleased with you.
You visited 3 branches of the dungeon, and saw 11 of its levels.

You collected 1127 gold pieces.
You spent 707 gold pieces at shops.

Inventory:

Hand Weapons
 a - a +1 war axe
 g - a +3 morningstar of venom
 o - the +5 war axe of Radicalism {venom, rC+ rN+ Will++}
   (You bought it in a shop on level 2 of the Dungeon)

   It poisons the flesh of those it strikes.
   rC:        It protects you from cold.
   rN:        It protects you from negative energy.
   Will:      It greatly increases your willpower.
 z - the +10 mace "Demonspawn's Doom" (weapon) {pain, rF+}
   (You found it on level 7 of the Dungeon)

   In the hands of one skilled in necromantic magic, it inflicts extra damage on
   living creatures.
   rF:        It protects you from fire.
Missiles
 y - a throwing net (quivered)
Armour
 b - a +1 scale mail
 c - a +0 buckler
 j - a +2 cloak (worn)
 m - a +1 scale mail of willpower (worn)
 B - a +0 kite shield (worn)
Jewellery
 i - a ring of flight (left hand)
 q - a ring of magical power
 u - an amulet of faith (around neck)
 x - a ring of poison resistance (right hand)
Wands
 p - a wand of polymorph (6)
 A - a wand of flame (5)
Scrolls
 f - a scroll of blinking
 r - a scroll of brand weapon
 s - 3 scrolls of teleportation
 v - a scroll of fog
 w - a scroll of enchant weapon
 C - 2 scrolls of identify
Potions
 d - 6 potions of might
 e - a potion of magic
 h - 3 potions of brilliance
 k - a potion of flight
 l - 2 potions of degeneration
 t - a potion of haste
 D - a potion of mutation
 E - a potion of invisibility
 F - 2 potions of resistance


   Skills:
 + Level 8.5 Fighting
 - Level 8.2(9.2) Axes
 * Level 6.4(8.3) Maces & Flails
 + Level 7.8 Armour
 - Level 4.4 Dodging
 + Level 7.8 Shields
 - Level 3.4 Invocations


You had 10 spell levels left.
You didn't know any spells.
Your spell library contained the following spells:

 Spells                   Type           Power      Damage    Failure   Level
 Dazzling Flash           Conj/Hex       0%         N/A       100%        3
 Agony                    Necr           0%         N/A       100%        5
 Silence                  Hex/Air        0%         N/A       100%        5


Dungeon Overview and Level Annotations

Branches:
Dungeon (9/15)             Temple (1/1) D:6            Lair (1/6) D:9
    Orc: D:9-12

Altars:
Ashenzari
Dithmenos
Fedhas
Gozag
Hepliaklqana
Kikubaaqudgha
Makhleb
Okawaru
Qazlal
Ru
Trog
Uskayaw
Wu Jian
The Shining One

Shops:
D:2 (   D:7 *

Annotations:
D:5 1 runed translucent door, nonceun's ghost, novice MiBe


Innate Abilities, Weirdness & Mutations

You are partially covered in slimy green scales. (AC +2)
You regenerate health from kills.
You have a small tail.


Message History

You feel sick. You block the cane toad's attack.
The cane toad stings you but does no damage. x2
You are too injured to fight recklessly!
You are too injured to fight recklessly!
You are too injured to fight recklessly!
You are too injured to fight recklessly!
You are too injured to fight recklessly!
You are too injured to fight recklessly!
You are too injured to fight recklessly!
You are too injured to fight recklessly!
There are monsters nearby!
You are too injured to fight recklessly!
You feel sick. The cane toad stings you!
You hit the cane toad.
You kill the cane toad!
Okawaru accepts your kill.
You feel sick. The cane toad barely misses you.
You hit the cane toad.
The cane toad is lightly wounded.
You feel sick. The cane toad stings you!
* * * LOW HITPOINT WARNING * * *
You are more poisoned.
The cane toad poisons you! You block the cane toad's attack.
You sock the cane toad!
The cane toad is heavily wounded.
You feel very sick. You block the cane toad's attack.
You hit the cane toad.
The cane toad is heavily wounded.
You feel very sick. The cane toad stings you.
* * * LOW HITPOINT WARNING * * *
You barely miss the cane toad.
The cane toad is heavily wounded.
You feel very sick. The cane toad stings you!
* * * LOW HITPOINT WARNING * * *
You block the cane toad's attack.
You feel better. The cane toad stings you!
You die...

#P. ##..# ... ##
#..## ... ## ##.#
..P ##.#.##†## #
[P. ..
#....####..# #.#
.#..###......#
#..#
#.####..######
..##...##.#.###.#
#......†@.......#
..##.##F#.####.##
.....# ###
#######


You could see a cane toad.

Vanquished Creatures
  Harold (D:7)
  A centaur warrior (D:9)
  3 two-headed ogres
  An ugly thing (D:9)
  Joseph (D:7)
  A cane toad (Lair:1)
  Grinder (D:6)
  Prince Ribbit (D:5)
  Sigmund (D:6)
  2 shadows (D:9)
  13 yaks
  Eustachio (D:6)
  A steam dragon (D:9)
  Menkaure (D:7)
  4 water moccasins
  3 orc warriors
  A sky beast (D:6)
  5 ice beasts
  2 black bears
  A hornet zombie (D:6)
  3 ogres
  5 centaurs
  6 wolves (Lair:1)
  A phantom (D:5)
  Blork the orc (D:6)
  6 bullfrogs
  2 gnoll sergeants
  5 scorpions
  A wyvern skeleton (D:7)
  A water moccasin skeleton (D:2)
  4 wights (D:8)
  3 electric eels (D:8)
  4 howler monkeys (D:9)
  2 bullfrog zombies
  5 centaur zombies
  3 jellies
  2 hounds (D:5)
  Crazy Yiuf (D:7)
  A gnoll shaman (D:7)
  A bullfrog skeleton (D:3)
  2 orc priests
  2 iguanas
  Natasha (twice) (D:4)
  3 orc wizards
  A hound skeleton (D:4)
  A howler monkey zombie (D:9)
  8 gnolls
  7 adders
  A shadow imp (D:6)
  A white imp (D:5)
  An ufetubus (D:6)
  A worm (D:5)
  2 dart slugs (D:2)
  15 orcs
  9 endoplasms
  A giant cockroach (D:1)
  5 goblins
  4 hobgoblins
  6 jackals (D:1)
  8 kobolds
  4 quokkas
  6 ball pythons
  5 bats
  2 frilled lizards (D:1)
  6 rats
205 creatures vanquished.

Vanquished Creatures (others)
  A wizard (D:4)
  2 demonic plants (D:2)
  9 plants (D:8)
12 creatures vanquished.

Grand Total: 217 creatures vanquished

Notes
Turn   | Place    | Note
-------+----------+-------------------------------------------
     0 | D:1      | Sin92 the Demonspawn Fighter began the quest for the Orb.
     0 | D:1      | Reached XP level 1. HP: 18/18 MP: 1/1
   150 | D:1      | Gained mutation: You regenerate a little health from kills.
                  | [demonic ancestry]
   150 | D:1      | Reached XP level 2. HP: 24/24 MP: 2/2
   375 | D:1      | Reached XP level 3. HP: 26/29 MP: 3/3
   898 | D:2      | Reached XP level 4. HP: 21/35 MP: 4/4
  1017 | D:2      | Found Uwodyoskuu's Antique Weapon Shop.
  1427 | D:2      | Found a faded altar of an unknown god.
  1427 | D:2      | Noticed an Ice Fiend
  2173 | D:3      | Reached XP level 5. HP: 36/42 MP: 5/5
  2825 | D:4      | Found a bloodstained altar of Trog.
  2882 | D:4      | Gained mutation: You regenerate health from kills. [demonic
                  | ancestry]
  2882 | D:4      | Reached XP level 6. HP: 5/48 MP: 6/6
  3568 | D:4      | Identified a scroll of acquirement
  3568 | D:4      | Acquired 548 gold pieces
  3637 | D:2      | Bought a shimmering war axe for 187 gold pieces
  3637 | D:2      | Identified the +5 war axe of Radicalism {venom, rC+ rN+
                  | Will++} (You bought it in a shop on level 2 of the Dungeon)
  4074 | D:4      | Noticed a wizard
  4077 | D:4      | Killed a wizard
  4191 | D:4      | Gained mutation: You are partially covered in slimy green
                  | scales. (AC +2) [demonic ancestry]
  4191 | D:4      | Reached XP level 7. HP: 32/55 MP: 7/7
  4324 | D:4      | Noticed Natasha
  4326 | D:4      | Killed Natasha
  4479 | D:4      | Noticed Natasha
  4498 | D:4      | Killed Natasha
  4909 | D:5      | Entered Level 5 of the Dungeon
  4962 | D:5      | Noticed Prince Ribbit
  4973 | D:5      | Killed Prince Ribbit
  4974 | D:5      | Reached skill level 5 in Axes
  4974 | D:5      | Reached skill level 1 in Dodging
  5051 | D:5      | Reached skill level 5 in Fighting
  5051 | D:5      | Reached XP level 8. HP: 48/62 MP: 8/8
  5167 | D:5      | Found an opulent altar of Gozag.
  5229 | D:5      | Found a runed translucent door.
  5341 | D:5      | Noticed nonceun's ghost (novice MiBe)
  5595 | D:5      | Found a hazy altar of Hepliaklqana.
  5597 | D:5      | Found a faded altar of an unknown god.
  5804 | D:6      | Found a staircase to the Ecumenical Temple.
  5811 | D:6      | Reached skill level 5 in Armour
  5827 | D:6      | Reached skill level 5 in Shields
  5831 | D:6      | Noticed Blork the orc
  5837 | Temple   | Entered the Ecumenical Temple
  5881 | Temple   | Became a worshipper of Warmaster Okawaru
  5895 | D:6      | Killed Blork the orc
  5909 | D:6      | Noticed Sigmund
  5918 | D:6      | Killed Sigmund
  5936 | D:6      | Reached XP level 9. HP: 66/69 MP: 9/9
  5954 | D:6      | Noticed Eustachio
  5961 | D:6      | Killed Eustachio
  6308 | D:6      | Noticed Grinder
  6325 | D:6      | Killed Grinder
  6325 | D:6      | Reached * piety under Okawaru
  6814 | D:6      | Found a sacrificial altar of Ru.
  6860 | D:7      | Found Vunitid's Neck Hole.
  6870 | D:7      | Bought an amulet of faith for 520 gold pieces
  7035 | D:7      | Noticed a two-headed ogre
  7041 | D:7      | Reached skill level 1 in Invocations
  7623 | D:7      | Noticed Joseph
  7635 | D:7      | Killed Joseph
  7821 | D:7      | Killed a two-headed ogre
  7821 | D:7      | Reached ** piety under Okawaru
  7822 | D:7      | Reached XP level 10. HP: 29/77 MP: 10/12
  8149 | D:7      | Noticed Harold
  8167 | D:7      | Killed Harold
  8406 | D:7      | Identified the +10 mace "Demonspawn's Doom" {pain, rF+}
  8407 | D:7      | Found a runed translucent door.
  8408 | D:7      | Noticed Crazy Yiuf
  8416 | D:7      | Identified the +4 mace of Fate {drain, *Rage rElec rF+
                  | Dex+6}
  8570 | D:7      | Noticed Menkaure
  8573 | D:7      | Killed Menkaure
  8732 | D:7      | Killed Crazy Yiuf
  8814 | D:8      | Reached skill level 1 in Maces & Flails
  8820 | D:8      | Reached *** piety under Okawaru
  9920 | D:8      | Reached **** piety under Okawaru
 10379 | D:9      | Found a staircase to the Lair.
 10409 | D:9      | Found a shadowy altar of Dithmenos.
 10664 | D:9      | Noticed a centaur warrior
 10664 | D:9      | Noticed a two-headed ogre
 10673 | D:9      | Killed a centaur warrior
 10673 | D:9      | Reached ***** piety under Okawaru
 10674 | D:9      | Gained mutation: You have a small tail. [demonic ancestry]
 10674 | D:9      | Reached XP level 11. HP: 44/85 MP: 13/13
 10680 | D:9      | Killed a two-headed ogre
 10695 | D:9      | Noticed a green ugly thing
 10707 | D:9      | Killed a green ugly thing
 10708 | D:9      | Reached skill level 5 in Maces & Flails
 10714 | D:9      | Noticed a two-headed ogre
 10722 | D:9      | Killed a two-headed ogre
 10722 | D:9      | Identified the +1 robe of Okawaru's Indignation {rCorr
                  | Str+8 Int-2} (Okawaru gifted it to you on level 9 of the
                  | Dungeon)
 10722 | D:9      | Received a gift from Okawaru
 11338 | Lair:1   | Entered Level 1 of the Lair of Beasts
 11678 | Lair:1   | HP: 2/87 [cane toad (9)]
 11679 | Lair:1   | Slain by a cane toad

Illustrated notes

Levels and vault maps discovered:
D:1:      matt_arrival_refuge, layout_loops_ring
D:2:      layout_loops_ring, dreamdust_ecumenical_altar_sealed_demon,
          serial_shops, nicolae_lakefront_shop
D:3:      layout_loops_ring, nicolae_elevator_lobby_plus
D:4:      layout_basic, trog_wizard, uniq_natasha
D:5:      layout_cave_pools, marbit_many_paths,
          beargit_hepliaklqana_dungeon_heroes, ebering_ghost_sewer_d,
          uniq_prince_ribbit1
D:6:      layout_cave_pods, nicolae_ru_path_of_blood,
          minmay_temple_entry_mini_moons, uniq_blork_the_orc, uniq_eustachio,
          uniq_grinder, uniq_sigmund
D:7:      layout_basic, nicolae_shop_sticking_my_neck_out, uniq_harold,
          uniq_menkaure, uniq_joseph, uniq_crazy_yiuf_cottage
D:8:      layout_loops_corners, serial_bayou_lake_a
D:9:      minmay_slanted_spiral_squares, layout_long_grid,
          grunt_dithmenos_smoke, lair_entry_dummy, lemuel_flamethrower_2
Temple:   eino_temple_scatter_basement
Lair:1:   layout_loops_ring, infiniplex_staircase_pool_2

Skill      XL: |  1  2  3  4  5  6  7  8  9 10 11 |
---------------+----------------------------------+-----
Axes           | 2 3 4 5 6 8 |  8.2
Shields        | 3 4 5 6 7 |  7.8
Armour         | 3 4 5 6 7 |  7.8
Fighting       | 4 5 6 7 8 |  8.5
Dodging        | 1 3 4 |  4.4
Invocations    | 2 3 |  3.4
Maces & Flails | 4 6 |  6.4

Action                   |  1- 3 |  4- 6 |  7- 9 | 10-12 || total
-------------------------+-------+-------+-------+-------++-------
Melee: War axe           |    88 |   127 |   187 |    18 ||   420
       Mace              |       |       |       |   341 ||   341
       Tailslap          |       |       |       |    24 ||    24
Invok: Heroism           |       |       |       |     3 ||     3
  Use: Scroll            |     2 |     6 |     9 |     6 ||    23
       Potion            |       |     5 |     2 |     1 ||     8
Armor: Scale mail        |    45 |    51 |    89 |   141 ||   326
Dodge: Dodged            |    40 |    52 |    75 |   142 ||   309
Block: Buckler           |    32 |    32 |    46 |    48 ||   158
       Kite shield       |       |       |       |   110 ||   110
